Map: Blackpink LE

Players

Elazer - Winner!

  • Race: Zerg Zerg
  • Spawn Location: 1:00

喵喵喵 (Oliveira)

  • Race: Terran Terran
  • Spawn Location: 7:00

Event: WESG 2017 Haikou

VOD

Have the link to the VOD?

Description

Time

  • Played on: March 13, 2018, 11:06 p.m.
  • Length: 6:38

All games in this series

Show
View Real Time Build Order
Export as new Build Order

Elazer Zerg - Winner!

Build Orders: Hatch First, Roach Nydus 

Get SALT Encoding   

  12  0:00  Drone  
  13  0:12  Overlord  
  13  0:17  Drone  
  14  0:30  Drone x2  
  16  0:49  Hatchery  
  15  0:52  Drone  
  15  0:55  Drone  
  17  0:58  Drone  
  18  1:11  Extractor  
  17  1:14  Spawning Pool  
  17  1:17  Drone  
  17  1:20  Drone  
  18  1:28  Drone  
  19  1:38  Drone  
  20  1:49  Overlord  
  20  2:00  Queen x2  
  24  2:02  Zergling x4  
  26  2:11  Drone x2  
  28  2:21  Drone  
  28  2:22  Drone  
  30  2:33  Drone  
  30  2:34  Drone  
  30  2:36  Queen  
  34  2:41  Queen  
  36  2:46  Overlord  
  36  2:51  Overlord  
  36  3:07  Drone x4  
  36  3:12  Drone x2, Lair  
  42  3:14  Drone x3  
  42  3:15  Drone  
  46  3:22  Queen  
  48  3:27  Overlord  
  48  3:30  Drone x2  
  48  3:34  Extractor  
  49  3:44  Hatchery  
  49  3:48  Roach Warren  
  47  3:49  Drone  
  47  3:51  Drone  
  49  3:58  Drone, Overlord  
  50  4:04  Overlord  
  50  4:07  Overlord  
  50  4:11  Nydus Network  
  50  4:12  Overseer  
  49  4:24  Overlord  
  49  4:27  Roach x5  
  49  4:29  Roach  
  61  4:32  Roach  
  61  4:34  Roach  
  65  4:56  Roach x3  
  65  4:57  Roach  
  77  5:05  Queen x2  
  77  5:07  Nydus Canal  
  75  5:12  Roach  
  75  5:13  Zergling x4  
  75  5:14  Zergling x2  
  80  5:15  Drone x2  
  80  5:18  Extractor  
  81  5:26  Roach x2  
  81  5:35  Roach  
  83  5:38  Roach  
  83  5:41  Queen x2  
  75  5:46  Roach  
  71  5:53  Roach  
  73  5:58  Roach x2  
  75  6:06  Nydus Canal  
  73  6:12  Roach  
  73  6:15  Roach  
  73  6:17  Zergling x6  
  80  6:19  Hatchery  
Show
View Real Time Build Order
Export as new Build Order

喵喵喵 Terran 

Build Orders: Gas First Reaper Expand, Reaper Expand 

Get SALT Encoding   

  12  0:01  SCV  
  13  0:13  SCV  
  14  0:17  Supply Depot  
  14  0:25  SCV  
  14  0:28  Refinery  
  15  0:39  SCV  
  16  0:45  Barracks  
  16  0:51  SCV  
  17  1:03  SCV  
  18  1:15  SCV  
  19  1:32  Orbital Command, Reaper  
  20  1:44  Command Center  
  20  1:54  Factory  
  20  1:59  SCV  
  21  2:07  Barracks Reactor  
  21  2:11  SCV  
  21  2:15  Supply Depot  
  22  2:19  Refinery  
  22  2:23  SCV  
  23  2:36  SCV  
  24  2:46  Starport  
  24  2:48  SCV  
  24  2:50  Hellion  
  24  2:51  Hellion  
  29  2:56  Orbital Command  
  29  3:01  SCV  
  30  3:13  SCV, Hellion x2  
  30  3:16  Barracks Tech Lab  
  35  3:23  Viking  
  35  3:26  SCV  
  38  3:28  SCV  
  39  3:35  Supply Depot  
  39  3:41  SCV x2  
  41  3:42  Marine x2  
  41  3:46  Siege Tank  
  46  3:57  SCV x2, Medivac  
  46  3:58  Supply Depot  
  46  4:00  Marine x2  
  52  4:07  Armory  
  52  4:09  SCV  
  53  4:10  SCV  
  53  4:14  Liberator  
  54  4:20  Supply Depot  
  54  4:21  SCV  
  54  4:22  SCV  
  59  4:36  Command Center  
  59  4:41  Marine  
  60  4:45  SCV  
  60  4:46  SCV  
  62  4:58  SCV  
  63  5:01  SCV  
  63  5:02  Factory Tech Lab  
  63  5:06  Marine  
  65  5:07  Barracks  
  65  5:09  Barracks  
  65  5:10  SCV, Supply Depot  
  67  5:22  SCV  
  67  5:24  Marine  
  67  5:26  Siege Tank  
  65  5:35  SCV  
  60  5:36  SCV  
  60  5:42  Marine  
  42  6:00  Marine  
  37  6:04  SCV  
  37  6:06  SCV  
  37  6:10  Marine  
  39  6:16  SCV  
  39  6:17  Marine  
  42  6:18  SCV  
Tags
 
Add a new tag
Caveats
  • Supply blocks, unpowered buildings, or Contaminate may cause inaccurate times.
  • Supply counts are checked every 10 seconds.